 Dungeon Crawl Stone Soup version 0.21-a0-265-gb353147 (webtiles) character file.

1419 epen the Changer (level 8, -3/61 HPs)
             Began as a Barachi Transmuter on Sept 11, 2017.
             Slain by a hornet (10 damage)
             ... while paralysed by a hornet
             ... on level 6 of the Dungeon.
             The game lasted 00:15:21 (8778 turns).

epen the Changer (Barachi Transmuter)               Turns: 8778, Time: 00:15:21

Health: -3/61      AC:  4    Str: 14    XL:     8   Next: 71%
Magic:  23/23      EV:  2    Int: 16    God:
Gold:   329        SH:  0    Dex: 12    Spells: 6/16 levels left

rFire    . . .     SeeInvis .     - Unarmed
rCold    . . .     Gourm    +   (no shield)
rNeg     . . .     Faith    .   v - +2 robe {MR+}
rPois    .         Spirit   .   (helmet restricted)
rElec    .         Reflect  .   (no cloak)
rCorr    .         Harm     .   (no gloves)
MR       +....                  (no boots)
Stlth    +.........             f - amulet of the gourmand
HPRegen  0.20/turn              k - +2 ring of strength
MPRegen  0.18/turn              y - ring of magical power

@: paralysed, lethally poisoned (-3 -> -35), slowed, slow
A: +LOS, swims, antennae 1, talons 1, slowness 1, strong legs 1
a: Hop


You were on level 6 of the Dungeon.
You were full.

You visited 1 branch of the dungeon, and saw 6 of its levels.

You collected 329 gold pieces.

Inventory:

Missiles
 a - 67 arrows
Armour
 b - a +0 robe
 m - a +0 buckler
 v - a +2 robe of magic resistance (worn)
Magical Staves
 u - an uncursed staff of cold
Jewellery
 f - an amulet of the gourmand (around neck)
 k - a +2 ring of strength (left hand)
 y - a ring of magical power (right hand)
 A - an uncursed ring of fire
 D - a cursed ring of teleportation {unknown}
Scrolls
 e - a scroll of random uselessness
 g - 2 scrolls of magic mapping
 i - 2 scrolls of enchant weapon
 j - 3 scrolls of remove curse
 n - a scroll of amnesia
 s - a scroll of teleportation
 w - 2 scrolls of identify
 B - a scroll of noise {unknown}
 C - a scroll of fog
 E - a scroll of fear
Potions
 h - a potion of magic {unknown}
 p - a potion of lignification
 r - a potion of cancellation
 t - 3 potions of curing {unknown}
 x - a potion of heal wounds {unknown}
 z - a potion of degeneration {unknown}
 F - a potion of berserk rage {unknown}
Books
 c - a book of Changes

   Spells                             Type                      Level
   a - Beastly Appendage              Transmutation                1
   b - Sticks to Snakes               Transmutation                2
   c - Spider Form                    Transmutation/Poison         3
   d - Ice Form                       Ice/Transmutation            4
   e - Blade Hands                    Transmutation                5
Comestibles
 d - 5 bread rations
 l - 2 meat rations
 o - 2 fruits
 q - 2 royal jellies


   Skills:
 + Level 4.9 Fighting
 + Level 4.4 Dodging
 + Level 4.0 Shields
 + Level 5.3 Unarmed Combat
 + Level 4.5 Spellcasting
 * Level 6.6 Transmutations


You had 6 spell levels left.
You knew the following spells:

 Your Spells              Type           Power        Failure   Level  Hunger
b - Sticks to Snakes      Tmut           ###.....     1%          2    ##.....
c - Spider Form           Tmut/Pois      ##........   12%         3    ###....
d - Blade Hands           Tmut           ###.......   28%         5    ######.


Dungeon Overview and Level Annotations

Branches:
Dungeon (6/15)
 Temple: D:4-7

Altars:
Fedhas
Kikubaaqudgha
Ru
Trog

Shops:
D:5 }   D:6 *


Innate Abilities, Weirdness & Mutations

Shadows flee at your approach. (+LOS)
You can swim through water.
You cover ground slowly.
You can hop short distances.
You have a pair of small antennae on your head.
You have sharp toenails.


Message History

You kill the leopard gecko!
The hornet stings you.
You are poisoned.
You suddenly lose the ability to move!
The hornet stings you!
You are more poisoned.
You feel yourself slow down.
You feel yourself speed up.
You feel sick. The hornet stings you!
You are more poisoned.
You feel yourself slow down.
You feel yourself speed up.
You feel sick. The hornet stings you.
You are more poisoned.
You feel yourself slow down. The hornet stings you!
* * * LOW HITPOINT WARNING * * *
You feel as though you will be slow longer.
* * * LOW HITPOINT WARNING * * *
You feel very sick. The hornet stings you!
You die...

#.###+#.# .......
.#.......## #........#
.?....≈≈≈## .#......... .
#...≈≈≈≈≈##........#..
..##.[...∩≈≈##...........
......≈≈≈≈≈##...........
#....≈≈≈....###.....##
#...................
#...y@..............
.......................
....#####.?...........#
.. #.........#....
#...............#
##....###........ #....#
......# #....# .......#
##....## ........


You could see a hornet.

Vanquished Creatures
  Sigmund (D:2)
  3 phantoms
  A gnoll sergeant (D:5)
  A scorpion (D:5)
  A wyvern skeleton (D:6)
  A water moccasin skeleton (D:6)
  A howler monkey (D:6)
  2 vampire bats (D:5)
  A crimson imp (D:5)
  A centaur zombie (D:5)
  A quasit (D:6)
  2 orc priests
  2 jellies
  Terence (D:2)
  An orc wizard (D:5)
  2 worker ants (D:4)
  11 gnolls
  10 adders
  2 adder zombies
  2 worms
  4 dart slugs
  4 leopard geckos
  8 orcs
  19 bats
  6 giant cockroaches
  8 goblins
  5 hobgoblins
  14 jackals
  6 quokkas
  7 frilled lizards
  A jackal skeleton (D:4)
  14 kobolds
  A leopard gecko skeleton (D:6)
  8 rats
152 creatures vanquished.

Vanquished Creatures (collateral kills)
  A gnoll (D:1)
  An adder (D:4)
  A hobgoblin (D:1)
  A kobold (D:2)
4 creatures vanquished.

Grand Total: 156 creatures vanquished

Notes
Turn   | Place    | Note
-------+----------+-------------------------------------------
     0 | D:1      | epen the Barachi Transmuter began the quest for the Orb.
     0 | D:1      | Reached XP level 1. HP: 15/15 MP: 3/3
    81 | D:1      | Reached XP level 2. HP: 14/21 MP: 5/5
   682 | D:1      | Learned a level 2 spell: Sticks to Snakes
   806 | D:1      | Reached XP level 3. HP: 26/26 MP: 7/7
  2034 | D:1      | Learned a level 3 spell: Spider Form
  2176 | D:2      | Reached skill level 3 in Transmutations
  2176 | D:2      | Reached XP level 4. HP: 23/33 MP: 0/8
  2673 | D:2      | Noticed Terence
  2685 | D:2      | Killed Terence
  3142 | D:2      | Noticed Sigmund
  3155 | D:2      | Killed Sigmund
  3155 | D:2      | Reached skill level 1 in Shields
  3155 | D:2      | Reached skill level 4 in Transmutations
  3155 | D:2      | Reached XP level 5. HP: 8/41 MP: 6/10
  3155 | D:2      | Reached XP level 6. HP: 9/47 MP: 6/11
  3821 | D:3      | Found a faded altar of an unknown god.
  3863 | D:3      | Learned a level 5 spell: Blade Hands
  4056 | D:3      | Gained mutation: You are covered in fur. (AC +1) [potion of mutation]
  4056 | D:3      | Gained mutation: You are agile. (Dex +2) [potion of mutation]
  4056 | D:3      | Gained mutation: Scrolls take you a little longer to read. [potion of mutation]
  4056 | D:3      | Gained mutation: Your flesh is heat resistant. (rF+) [potion of mutation]
  5049 | D:4      | Found a sacrificial altar of Ru.
  5090 | D:4      | Reached XP level 7. HP: 36/52 MP: 7/12
  5386 | D:4      | Reached skill level 5 in Transmutations
  5646 | D:4      | HP: 1/53 [phantom (8)]
  6075 | D:4      | Found an ancient bone altar of Kikubaaqudgha.
  6160 | D:4      | Found a blossoming altar of Fedhas.
  6214 | D:4      | Lost mutation: You are agile. (Dex +2) [potion of mutation]
  6214 | D:4      | Lost mutation: You are covered in fur. (AC +1) [potion of mutation]
  6214 | D:4      | Lost mutation: Scrolls take you a little longer to read. [potion of mutation]
  6214 | D:4      | Lost mutation: Your flesh is heat resistant. (rF+) [potion of mutation]
  6214 | D:4      | Gained mutation: You have sharp toenails. [potion of mutation]
  6214 | D:4      | Gained mutation: You have a pair of small antennae on your head. [potion of mutation]
  6573 | D:5      | Entered Level 5 of the Dungeon
  6810 | D:5      | Found the +4 Vampire's Tooth {vamp}
  6821 | D:5      | Reached XP level 8. HP: 46/60 MP: 14/14
  7299 | D:5      | Found a bloodstained altar of Trog.
  7306 | D:5      | Found Asismot's Gadget Emporium.
  7370 | D:5      | Reached skill level 6 in Transmutations
  8194 | D:6      | Reached skill level 5 in Unarmed Combat
  8764 | D:6      | Found Oquclosm's General Store.
  8771 | D:6      | Noticed a hornet
  8775 | D:6      | Paralysed by a hornet for 3 turns
  8778 | D:6      | Slain by a hornet

Vault maps used:
D:1:      lightli_arrival_flooded_house, minmay_tromino_mix6
D:2:      minmay_small_reverse_x, uniq_sigmund, uniq_terence
D:3:      chequers_ecumenical_altar_island
D:4:      kiku_gazebo_garden_becter, lemuel_round_altar, st_stairs_3,
          minmay_fountain_box, hangedman_ru_absence
D:5:      serial_shops, shop, basic_altar, first_bread,
          minmay_guarded_unrand_vampires_tooth
D:6:      grunt_temple_overflow_open, nicolae_overflow_hidden_temple,
          temple_statues, serial_shops, nicolae_shop_waterfront

Skill      XL: |  1  2  3  4  5  6  7  8 |
---------------+-------------------------+-----
Fighting       | 2 3 4 |  4.9
Transmutations | 3 4 5 6 |  6.6
Spellcasting   | 3 4 |  4.5
Dodging        | 3 4 |  4.4
Shields        | 1 2 3 4 |  4.0
Unarmed Combat | 4 5 |  5.3

Action                   |  1- 3 |  4- 6 |  7- 9 || total
-------------------------+-------+-------+-------++-------
Melee: Unarmed           |   167 |   194 |   285 ||   646
       Punch             |     4 |       |     2 ||     6
       Kick              |       |       |    24 ||    24
 Cast: Sticks to Snakes  |     5 |       |    10 ||    15
       Spider Form       |     1 |    21 |     9 ||    31
 Abil: Hop               |       |       |     1 ||     1
  Use: Potion            |       |     3 |     2 ||     5
       Scroll            |       |    12 |       ||    12
 Stab: Sleeping          |       |     4 |       ||     4
  Eat: Chunk             |     4 |    29 |    10 ||    43
Armor: Robe              |    40 |    11 |    51 ||   102
       Skin              |       |     3 |    12 ||    15
Dodge: Dodged            |   128 |   131 |   243 ||   502

Table legend:
 A = Spawn XP
 B = Non-spawn XP
 C = Spawn XP percentage of total XP
 D = Spawn monster count
 E = Non-spawn monster count
 F = Spawn count percentage of total count
 G = Total turns spent on level
                    A         B        C        D         E        F      G
               +---------+---------+-------+---------+---------+-------+---------
         Total |       0 |    2028 |   0.0 |       0 |     156 |   0.0 |  8778
               +---------+---------+-------+---------+---------+-------+---------
           D:1 |       0 |      65 |   0.0 |       0 |      31 |   0.0 |  2035
           D:2 |       0 |     331 |   0.0 |       0 |      24 |   0.0 |  1627
           D:3 |       0 |     188 |   0.0 |       0 |      37 |   0.0 |  1287
           D:4 |       0 |     430 |   0.0 |       0 |      22 |   0.0 |  2052
           D:5 |       0 |     580 |   0.0 |       0 |      29 |   0.0 |  1350
           D:6 |       0 |     434 |   0.0 |       0 |      13 |   0.0 |   427
               +---------+---------+-------+---------+---------+-------+---------
